 Dungeon Crawl Stone Soup version 0.29.0-15-g675c0067aa (webtiles) character file.

Game seed: 5699325173011353111

73 qw the Chopper (level 4, -1/28 HPs)
             Began as a Gargoyle Fighter on Sept 12, 2022.
             Slain by an orc
             ... wielding a +0 trident
              (7 damage)
             ... on level 3 of the Dungeon.
             The game lasted 00:00:42 (2262 turns).

qw the Chopper (Gargoyle Fighter)                   Turns: 2262, Time: 00:00:43

Health: -1/28      AC: 14    Str: 28    XL:     4   Next: 27%
Magic:  4/4        EV:  8    Int:  8    God:
Gold:   114        SH:  4    Dex:  9    Spells: 3/3 levels left

rFire   . . .      SeeInvis .   Y - +2 war axe
rCold   . . .      Faith    .   c - +0 buckler
rNeg    + . .      Spirit   .   a - +0 chain mail
rPois   inf        Reflect  .   h - +1 helmet
rElec   +          Harm     .   (no cloak)
rCorr   .          Rampage  .   (no gloves)
Will    .....                   (no boots)
Stlth   ..........              (no amulet)
HPRegen 0.09/turn               e - +6 ring of strength
MPRegen 0.09/turn               (no ring)

@: no status effects
A: sickness immunity, AC +3, negative energy resistance 1, electricity
resistance, torment resistance 1, petrification resistance
a: no special abilities


You were on level 3 of the Dungeon.
You visited 1 branch of the dungeon, and saw 3 of its levels.

You collected 114 gold pieces.


Innate Abilities, Weirdness & Mutations

You are immune to sickness and miasma.
Your stone body is resilient. (AC +3)
You are immune to poison.
You resist negative energy. (rN+)
You are resistant to electric shocks. (rElec)
You are resistant to unholy torment.
You are immune to petrification.


   Skills:
 - Level 3.2 Fighting
 + Level 4.0 Axes
 - Level 3.2 Armour
 - Level 3.2 Shields


You had 3 spell levels left.
You didn't know any spells.
Your spell library was empty.

Inventory:

Hand Weapons
 i - a +0 whip
 Y - a +2 war axe (weapon)
Armour
 a - a +0 chain mail (worn)
 c - a +0 buckler (worn)
 h - a +1 helmet (worn)
Jewellery
 e - a +6 ring of strength (left hand)
Scrolls
 f - 2 scrolls of brand weapon {unknown}
Potions
 b - a potion of ambrosia {unknown}
 d - a potion of might
 g - a potion of curing {unknown}
 j - a potion of heal wounds {unknown}

Dungeon Overview and Level Annotations

Branches:
Dungeon (3/15)

Altars:
Hepliaklqana

Shops:
D:2 (


Message History

An orc comes into view. It is wielding a +0 war axe.
The orc shouts!
A ball python comes into view.
The ball python hisses angrily.
A rat comes into view.
Found 2 stones.
The orc hits you with a +0 club.
You barely miss the orc.
The orc hits you from afar with a +0 trident.
You hit the orc.
The orc is lightly wounded.
You closely miss the orc.
The orc hits you from afar with a +0 trident.
You block the orc's attack. x2; The orc hits you but does no damage. x3
You slash the orc!
You kill the orc!
You barely miss the orc. You closely miss the orc. You slash the rat!
You kill the rat!
The orc hits you but does no damage. The orc closely misses you.
The orc hits you but does no damage.
The ball python bites you but does no damage.
The ball python closely misses you.
You slash the orc!
You kill the orc!
You slash the ball python!
You kill the ball python!
You hit the orc. The orc hits you with a +0 war axe.
The orc hits you from afar with a +0 trident.
Your Axes skill increases to level 4!
You hit the orc.
You kill the orc!
The orc hits you from afar with a +0 trident. x2
The orc hits you but does no damage.
Items here: %% ) [.
You barely miss the orc. The orc hits you with a +0 trident.
You barely miss the orc. The orc hits you with a +0 trident!
You die...

#.####+#'
#.#......
..'.....(
###.#......
...+.....
..######.#...
#....o)..##
#.....@...####
#...[.).#....#
#.......####.##
#.......# #..#
#........####'####
########.#.......#
.#.......#
.#.......####
+.......%..###


You could see an orc.

Vanquished Creatures
  An adder (D:2)
  An adder zombie (D:2)
  2 worms (D:2)
  An adder skeleton (D:2)
  3 dart slugs
  3 orcs (D:3)
  5 ball pythons
  4 bats
  An endoplasm (D:2)
  2 giant cockroaches
  2 goblins
  3 hobgoblins
  3 jackals (D:2)
  4 kobolds
  A quokka (D:2)
  A ball python skeleton (D:2)
  3 frilled lizards
  A jackal skeleton (D:2)
  3 rats
44 creatures vanquished.

Notes
Turn   | Place    | Note
-------+----------+-------------------------------------------
     0 | D:1      | qw the Gargoyle Fighter began the quest for the Orb.
     0 | D:1      | Reached XP level 1. HP: 14/14 MP: 1/1
     0 | D:1      | 0 ||| qw: Version: 0.1-a-119-g272c26d
     0 | D:1      | 0 ||| qw: Game counter: 11042
     0 | D:1      | 0 ||| qw: Always use a shield: true
     0 | D:1      | 0 ||| qw: God list: Okawaru
     0 | D:1      | 0 ||| qw: Allow faded altars: false
     0 | D:1      | 0 ||| qw: Do Orc after D:15 true
     0 | D:1      | 0 ||| qw: Do second Lair branch before Depths: true
     0 | D:1      | 0 ||| qw: Lair rune preference: random
     0 | D:1      | 0 ||| qw: Plans: Normal, Zot, God:TSO, Crypt, Tomb, Pan,
                  | Slime, Hells, Zig, Abyss, Orb
     0 | D:1      | 0 ||| PLANNING D:1-11
   129 | D:1      | Reached skill level 2 in Axes
   228 | D:1      | 228 ||| Stepping ~*~*~tactically~*~*~ (stealth).
   230 | D:1      | 230 ||| Stepping ~*~*~tactically~*~*~ (stealth).
   236 | D:1      | 236 ||| Stepping ~*~*~tactically~*~*~ (stealth).
   237 | D:1      | 237 ||| Stepping ~*~*~tactically~*~*~ (stealth).
   238 | D:1      | 238 ||| Stepping ~*~*~tactically~*~*~ (stealth).
   317 | D:1      | 317 ||| Stepping ~*~*~tactically~*~*~ (stealth).
   318 | D:1      | 318 ||| Stepping ~*~*~tactically~*~*~ (stealth).
   320 | D:1      | 320 ||| Stepping ~*~*~tactically~*~*~ (hiding).
   328 | D:1      | Reached XP level 2. HP: 16/19 MP: 2/2
   460 | D:1      | Found a faded altar of an unknown god.
  1015 | D:1      | 1015 ||| UPGRADING to +0 helmet.
  1020 | D:1      | 1020 ||| UPGRADING to +6 ring of strength.
  1021 | D:1      | 1021 ||| READING scroll labelled RUEJAX ADAPROCH.
  1022 | D:1      | 1022 ||| READING scroll labelled ENIOGI HUSIKE.
  1023 | D:1      | 1023 ||| READING scroll labelled BUBIL EFREGGU.
  1132 | D:2      | 1132 ||| Stepping ~*~*~tactically~*~*~ (stealth).
  1134 | D:2      | 1134 ||| Stepping ~*~*~tactically~*~*~ (stealth).
  1137 | D:2      | 1137 ||| Stepping ~*~*~tactically~*~*~ (stealth).
  1152 | D:2      | Reached skill level 3 in Axes
  1258 | D:2      | Found Fyirot's Antique Weapon Shoppe.
  1333 | D:2      | 1333 ||| Stepping ~*~*~tactically~*~*~ (hiding).
  1334 | D:2      | 1334 ||| Stepping ~*~*~tactically~*~*~ (hiding).
  1339 | D:2      | Reached XP level 3. HP: 23/23 MP: 3/3
  1467 | D:2      | 1467 ||| READING scroll of enchant weapon.
  1467 | D:2      | 1467 ||| ENCHANTING +1 war axe.
  1665 | D:2      | Reached XP level 4. HP: 28/28 MP: 4/4
  1876 | D:2      | Found a hazy altar of Hepliaklqana.
  1885 | D:2      | 1885 ||| READING scroll of enchant armour.
  1885 | D:2      | 1885 ||| ENCHANTING +0 helmet.
  2060 | D:2      | 2060 ||| UPGRADING to +0 chain mail.
  2070 | D:2      | 2070 ||| DROPPING +0 scale mail.
  2071 | D:2      | 2071 ||| READING scroll labelled ITAOXO LASAASCH.
  2251 | D:3      | 2251 ||| Stepping ~*~*~tactically~*~*~ (hiding).
  2259 | D:3      | Reached skill level 4 in Axes
  2261 | D:3      | HP: 6/28 [orc/+0 trident (3)]
  2262 | D:3      | Slain by an orc

Levels and vault maps discovered:
D:1:      lightli_arrival_farm, layout_loops_ring, ebering_ecumenical_altar_hall
D:2:      kennysheep_six_static_rooms, layout_basic, serial_shops, shop,
          basic_altar, serial_undead, serial_undead_d, serial_undead_a,
          serial_undead_a, serial_undead_c
D:3:      layout_basic, kennysheep_generic_room_8, uniq_grinder

Skill      XL: |  1  2  3  4 |
---------------+-------------+-----
Axes           | 2 3 4 |  4.0
Fighting       | |  3.2
Armour         | |  3.2
Shields        | |  3.2

Action                   |  1- 3 |  4- 6 || total
-------------------------+-------+-------++-------
Melee: War axe           |    86 |    23 ||   109
  Use: Scroll            |     4 |     2 ||     6
Armor: Scale mail        |    44 |       ||    44
       Chain mail        |       |    13 ||    13
Dodge: Dodged            |    46 |     5 ||    51
Block: Buckler           |    14 |     3 ||    17

Table legend:
 A = Non-vault XP
 B = Vault XP
 C = Vault XP percentage of total XP
 D = Non-vault monster count
 E = Vault monster count
 F = Vault count percentage of total count
                 A         B        C        D         E       F
            +---------+---------+-------+---------+---------+-------
      Total |      71 |      34 |  32.4 |      34 |      10 |  22.7
            +---------+---------+-------+---------+---------+-------
        D:1 |      22 |       0 |   0.0 |      12 |       0 |   0.0
        D:2 |      33 |      34 |  50.7 |      14 |      10 |  41.7
        D:3 |      16 |       0 |   0.0 |       8 |       0 |   0.0
            +---------+---------+-------+---------+---------+-------
